 Dungeon Crawl Stone Soup version 0.19-a0-978-g9f5ef2c (webtiles) character file.

132 FitzyFitz the Bolt Thrower (level 5, 0/30 HPs)
             Began as a Kobold Arcane Marksman on July 13, 2016.
             Slain by an adder (2 damage)
             ... on level 2 of the Dungeon on July 14, 2016.
             The game lasted 00:12:16 (2340 turns).

FitzyFitz the Bolt Thrower (Kobold Arcane Marksman) Turns: 2340, Time: 00:12:17

Health: 0/30       AC:  4    Str:  9    XL:     5   Next: 38%
Magic:  1/6        EV: 15    Int: 12    God:
Gold:   45         SH:  0    Dex: 16    Spells: 2 memorised, 3 levels left

rFire  . . .     SeeInvis .     b - +0 hand crossbow
rCold  . . .     Gourm    .     e - +0 robe
rNeg   . . .     Faith    .     (shield restricted)
rPois  .         Spirit   .     p - +0 helmet
rElec  .         Dismiss  .     q - +0 cloak
rCorr  .         Reflect  .     (no gloves)
SustAt +         Harm     .     (no boots)
MR     .....                    (no amulet)
Stlth  ++........               (no ring)
                                u - ring of sustain attributes

@: flying, very slightly contaminated, not resistant to hostile enchantments,
unstealthy
A: carnivore 3
a: no special abilities


You were on level 2 of the Dungeon.
You were very full.

You visited 1 branch of the dungeon, and saw 3 of its levels.

You collected 45 gold pieces.

Inventory:

Hand Weapons
 a - a +0 rapier
 b - a +0 hand crossbow (weapon)
 l - a +0 whip
 m - a +0 spear
 t - a +0 dagger
 z - a +0 long sword
 A - a +0 war axe
Missiles
 d - 6 bolts (quivered)
 i - 60 stones
 r - 21 arrows
 y - 10 sling bullets
Armour
 e - a +0 robe (worn)
 p - a +0 helmet (worn)
 q - a +0 cloak (worn)
Jewellery
 u - a ring of sustain attributes (left hand)
Scrolls
 h - a scroll of enchant armour {unknown}
 s - 2 scrolls of identify
 B - a scroll of fog {unknown}
 C - a scroll of remove curse {unknown}
Potions
 g - a potion of mutation {unknown}
 n - a potion of flight
 w - a potion of brilliance {unknown}
 x - a potion of invisibility {unknown}
Books
 c - a book of Debilitation

   Spells                             Type                      Level
   a - Corona                         Hexes                        1
   b - Slow                           Hexes                        2
   c - Gell's Gravitas                Hexes/Translocation          3
   d - Inner Flame                    Hexes/Fire                   3
   e - Cause Fear                     Hexes                        4
   f - Leda's Liquefaction            Hexes/Earth                  4
Comestibles
 f - a meat ration
 j - a beef jerky
 o - a slice of pizza
 v - a chunk of flesh


   Skills:
 + Level 2.0 Fighting
 + Level 0.6 Short Blades
 + Level 4.4 Crossbows
 - Level 2.4 Dodging
 + Level 1.1 Stealth
 - Level 1.0 Spellcasting
 + Level 4.2 Hexes


You had 3 spell levels left.
You knew the following spells:

 Your Spells              Type           Power        Failure   Level  Hunger
a - Corona                Hex            ##.....      8%          1    ##.....
b - Slow                  Hex            ##......     12%         2    ###....


Dungeon Overview and Level Annotations

Branches:
Dungeon (3/15)

Altars:
Trog
Yredelemnul


Innate Abilities, Weirdness & Mutations

You are small and have problems with some larger weapons.
You are carnivorous and can eat meat at any time.


Message History

The adder misses you.
Firing (i - inventory. (,) - cycle):
d - 9 bolts (quivered)
Press: ? - help, Shift-Dir - straight line, f/p - adder
Aim: an adder (almost dead)
You shoot a bolt. The bolt barely misses the adder.
The adder closely misses you. x2
Firing (i - inventory. (,) - cycle):
d - 8 bolts (quivered)
Press: ? - help, Shift-Dir - straight line, f/p - adder
Aim: an adder (almost dead)
You shoot a bolt. The bolt closely misses the adder.
The adder bites you.
* * * LOW HITPOINT WARNING * * *
The adder misses you.
Firing (i - inventory. (,) - cycle):
d - 7 bolts (quivered)
Press: ? - help, Shift-Dir - straight line, f/p - adder
Aim: an adder (almost dead)
You shoot a bolt.
The bolt hits the adder but does no damage.
The adder is almost dead.
The adder bites you.
You die...

##### #.... #....
##############....
#...>........'....
#..†....######....
#@S.....(....'....
#.......######....
#.......##########
####..............
###'#############
#........#
#........#
#........#
#........#


You could see an adder.

Vanquished Creatures
  A hound (D:2)
  4 adders
  A worm (D:2)
  4 dart slugs
  2 giant geckos
  A giant cockroach (D:1)
  12 hobgoblins
  2 quokkas (D:3)
  A ball python (D:2)
  8 bats
  4 giant newts
  5 goblins
  3 kobolds (D:1)
  5 rats
53 creatures vanquished.

Notes
Turn   | Place    | Note
-------+----------+-------------------------------------------
     0 | D:1      | FitzyFitz the Kobold Arcane Marksman began the quest for the Orb.
     0 | D:1      | Reached XP level 1. HP: 12/12 MP: 2/2
   185 | D:1      | Reached XP level 2. HP: 15/16 MP: 3/3
   284 | D:1      | Learned a level 2 spell: Slow
   658 | D:1      | Reached XP level 3. HP: 15/20 MP: 0/4
  1259 | D:2      | Reached XP level 4. HP: 16/25 MP: 2/5
  1770 | D:2      | Found a basalt altar of Yredelemnul.
  1870 | D:2      | Found a bloodstained altar of Trog.
  2070 | D:3      | Reached XP level 5. HP: 22/29 MP: 3/6
  2312 | D:2      | Reached skill level 1 in Stealth
  2340 | D:2      | Slain by an adder

Vault maps used:
D:1:      dpeg_arrival_arbitrary_b
D:2:      lemuel_doored_altar, lemuel_crystal_altar, first_bread
D:3:      old_standard_altar, nicolae_gozag_seed_capital

Skill      XL: |  1  2  3  4  5 |
---------------+----------------+-----
Crossbows      | 3 4 |  4.4
Hexes          | 4 |  4.2
Fighting       | 2 |  2.0
Stealth        | 1 |  1.1
Short Blades   | |  0.6
Dodging        | |  2.4
Spellcasting   | |  1.0

Action                   |  1- 3 |  4- 6 || total
-------------------------+-------+-------++-------
Melee: Dagger            |   106 |    13 ||   119
       Whip              |    14 |       ||    14
       Rapier            |       |    82 ||    82
 Fire: Hand crossbow     |     9 |    34 ||    43
Throw: Stone             |     5 |     4 ||     9
 Cast: Corona            |    13 |     9 ||    22
       Slow              |     3 |     7 ||    10
  Use: Potion            |       |     3 ||     3
       Scroll            |       |     1 ||     1
 Stab: Sleeping          |     1 |     1 ||     2
  Eat: Chunk             |    10 |     4 ||    14
Armor: Robe              |    28 |    43 ||    71
Dodge: Dodged            |    94 |   152 ||   246
